 Dungeon Crawl Stone Soup version 0.31-a0-925-g0a390f2509 (webtiles) character file.

Game seed: 8690476593493941390

2116577 Forgeling the Archmage (level 26, 135/135 HPs)
             Began as a Spriggan Enchanter on Oct 17, 2023.
             Was the Champion of Dithmenos.
             Escaped with the Orb
             ... and 4 runes on Oct 18, 2023!
             The game lasted 04:35:59 (79875 turns).

Forgeling the Archmage (Spriggan Enchanter)        Turns: 79875, Time: 04:36:00

Health: 135/135    AC: 16    Str:  4    XL:     26   Next: 1%
Magic:  54/55      EV: 31    Int: 37    God:    Dithmenos [******]
Gold:   3009       SH: 10    Dex: 28    Spells: 28/79 levels left

rFire   + + +        a - +9 rapier of Eternal Vigilance {vamp, rPois rF+ Dex+2}
rCold   + . .        Z - +3 buckler {AC+3}
rNeg    + + .        W - +2 faerie dragon scales {rCorr Dex+3 SInv Clar}
rPois   +            z - +1 hat of Hiwufit {+Inv rElec Regen+}
rElec   +            T - +2 cloak {rCorr}
rCorr   +            (gloves unavailable)
SInv    +            (boots unavailable)
Will    ++++.        s - macabre finger necklace {Finger+ rN+}
Stlth   ++++++       f - ring "Nozxadaf" {rF+ rC+ rCorr Int+6}
HPRegen 1.22/turn    u - +4 ring of protection
MPRegen 0.34/turn    b - ring "Tiwigg" {rPois rN+ Int+6 SInv}

%: clarity
@: wreathed by umbra, studying Fire Magic, very quick
A: very small, no large weapons, unfitting armour, see invisible, speed 3, agile
1, clever 1, deformed body, fire resistance 1, MP-powered wands
0: Orb of Zot
}: 4/15 runes: decaying, serpentine, slimy, silver
a: Renounce Religion, Evoke Invisibility, Shadow Step, Shadow Form


You escaped.
You worshipped Dithmenos.
Dithmenos was exalted by your worship.
You visited 11 branches of the dungeon, and saw 53 of its levels.
You also visited: Bailey, Gauntlet, Ice Cave, Wizlab and Desolation.

You collected 8897 gold pieces.
You spent 5888 gold pieces at shops.

Inventory:

Hand Weapons
 a - the +9 rapier of Eternal Vigilance (weapon) {vamp, rPois rF+ Dex+2}
   (You bought it in a shop on level 2 of the Orcish Mines)

   Dex+2:     It affects your dexterity (+2).
   rF+:       It protects you from fire.
   rPois:     It protects you from poison
Missiles
 o - 14 curare-tipped darts
Armour
 k - +0 acid dragon scales
 z - the +1 hat of Hiwufit (worn) {+Inv rElec Regen+}
   (You found it in a Gauntlet)

   rElec:     It insulates you from electricity.
   +Inv:      It lets you turn invisible.
   Regen+:    It increases your rate of health regeneration.
 T - a +2 cloak of preservation (worn)
 W - the +2 faerie dragon scales (worn) {rCorr Dex+3 SInv Clar}
   (You took it off the Enchantress on level 3 of the Depths)

   Dex+3:     It affects your dexterity (+3).
   SInv:      It lets you see invisible.
   Clar:      It protects you from confusion, rage, mesmerisation and fear.
   rCorr:     It protects you from acid and corrosion.
 Z - a +3 buckler of protection (worn)
Jewellery
 b - the ring "Tiwigg" (on amulet) {rPois rN+ Int+6 SInv}
   (You bought it in a shop on level 2 of the Vaults)

   [ring of see invisible]

   Int+6:     It affects your intelligence (+6).
   rPois:     It protects you from poison rN+: It protects you from negative
   energy.
   SInv:      It lets you see invisible.
 f - the ring "Nozxadaf" (left hand) {rF+ rC+ rCorr Int+6}
   (You bought it in a shop on level 4 of the Depths)

   [ring of intelligence]

   Int+6:     It affects your intelligence (+6).
   rF+:       It protects you from fire.
   rC+:       It protects you from cold.
   rCorr:     It protects you from acid and corrosion.
 l - the ring of the Will of the Gods {Str+6 Dex+4 Stlth+}
   (You bought it in a shop on level 2 of the Depths)

   [ring of strength]

   Str+6:     It affects your strength (+6).
   Dex+4:     It affects your dexterity (+4).
   Stlth+:    It makes you more stealthy.
 n - a ring of protection from cold
 q - the ring "Denuotz" {rCorr EV+5}
   (You took it off a deep elf sorcerer on level 3 of the Elven Halls)

   [ring of evasion]

   EV+5:      It affects your evasion (+5).
   rCorr:     It protects you from acid and corrosion.
 s - the macabre finger necklace (around neck) {Finger+ rN+}
   (You bought it in a shop on level 2 of the Orcish Mines)

   [amulet of nothing]

   Finger+:   It enables you to equip an extra ring.
   rN+:       It protects you from negative energy.
 u - a +4 ring of protection (right hand)
 w - the ring "Uviulori" {Fly rF+ Str-3 Int+7}
   (You found it on level 1 of the Realm of Zot)

   [ring of protection from fire]

   Str-3:     It affects your strength (-3).
   Int+7:     It affects your intelligence (+7).
   rF+:       It protects you from fire.
   Fly:       It grants you flight.
 L - a ring of wizardry
Wands
 d - a wand of digging (26)
 e - a wand of charming (58)
 h - a wand of acid (55)
 i - a wand of iceblast (46)
 y - a wand of mindburst (31)
Scrolls
 c - 4 scrolls of enchant armour
 j - 6 scrolls of amnesia
 p - 12 scrolls of enchant weapon
 t - 2 scrolls of brand weapon
 D - a scroll of blinking
 E - 9 scrolls of fear
 F - 11 scrolls of fog
 K - 10 scrolls of immolation
 O - 2 scrolls of silence
 P - 4 scrolls of poison
 S - 4 scrolls of summoning
 V - 12 scrolls of vulnerability
 X - 2 scrolls of revelation {@r4}
 Y - 17 scrolls of teleportation {@r3}
Potions
 x - 6 potions of enlightenment
 A - 14 potions of attraction
 B - 7 potions of brilliance
 C - 4 potions of cancellation
 G - 5 potions of ambrosia
 H - 8 potions of haste
 I - 2 potions of invisibility
 J - 24 potions of curing {@q1}
 M - 8 potions of might
 N - 14 potions of heal wounds {@q2}
 Q - a potion of magic
 R - a potion of resistance
 U - 6 potions of mutation
Miscellaneous
 g - a condenser vane
 m - a phantom mirror
 r - a phial of floods
 v - a lightning rod (4/4)


   Skills:
 + Level 12.7 Fighting
 - Level 14.0 Short Blades
 - Level 18.0 Dodging
 - Level 25.0 Stealth
 - Level 6.0 Shields
 O Level 27 Spellcasting
 - Level 20.0 Hexes
 - Level 8.0 Transmutations
 - Level 23.0 Air Magic
 - Level 6.0 Earth Magic
 - Level 14.0 Evocations


You had 28 spell levels left.
You knew the following spells:

 Your Spells              Type           Power      Damage    Failure   Level
e - Enfeeble              Hex            57%        N/A       1%          7
f - Petrify               Tmut/Erth      80%        N/A       1%          4
g - Ensorcelled Hibernat  Hex/Ice        100%       N/A       1%          2
h - Confusing Touch       Hex            100%       N/A       0%          3
j - Tukima's Dance        Hex            100%       N/A       0%          3
p - Dazzling Flash        Conj/Hex       100%       N/A       1%          3
q - Maxwell's Capacitive  Air            60%        ∞         1%          8
r - Discord               Hex            57%        N/A       3%          8
s - Airstrike             Air            60%        2d(9-25)  0%          4
y - Yara's Violent Unrav  Hex/Tmut       50%        3d19      1%          5
F - Cause Fear            Hex            57%        N/A       0%          4

Your spell library contained the following spells:

 Spells                   Type           Power      Damage    Failure   Level
 Shock                    Conj/Air       100%       1d9       0%          1
 Jinxbite                 Hex            100%       N/A       0%          2
 Swiftness                Air            100%       N/A       0%          3
 Apportation              Tloc           98%        N/A       1%          1
 Foxfire                  Conj/Fire      100%       2x1d9     1%          1
 Freeze                   Ice            100%       1d10      1%          1
 Kiss of Death            Conj/Necr      100%       2d13      1%          1
 Magic Dart               Conj           100%       1d8       1%          1
 Necrotise                Necr           100%       1d9       1%          1
 Summon Small Mammal      Summ           100%       N/A       1%          1
 Cigotuvi's Dreadful Rot  Necr/Pois/Air  100%       N/A       1%          2
 Passwall                 Tmut/Erth      66%        N/A       1%          2
 Static Discharge         Conj/Air       100%       2-7/arc   1%          2
 Wereblood                Tmut           83%        N/A       1%          2
 Ignite Poison            Fire/Tmut/Pois 62%        N/A       1%          3
 Inner Flame              Hex/Fire       89%        N/A       1%          3
 Stone Arrow              Conj/Erth      100%       3d13      1%          3
 Summon Guardian Golem    Hex/Summ       89%        N/A       1%          3
 Anguish                  Hex/Necr       44%        N/A       1%          4
 Dimensional Bullseye     Hex/Tloc       44%        N/A       1%          4
 Fulminant Prism          Conj/Hex       44%        3d19      1%          4
 Summon Lightning Spire   Summ/Air       94%        N/A       1%          4
 Vhi's Electric Charge    Tloc/Air       100%       N/A       1%          4
 Arcjolt                  Conj/Air       47%        1d57      1%          5
 Freezing Cloud           Conj/Ice/Air   41%        6-21      1%          5
 Summon Mana Viper        Hex/Summ       89%        N/A       1%          5
 Blink                    Tloc           98%        N/A       2%          2
 Momentum Strike          Conj/Tloc      98%        3d10      2%          2
 Searing Ray              Conj           98%        2d8       2%          2
 Sublimation of Blood     Necr           49%        N/A       2%          2
 Conjure Ball Lightning   Conj/Air       47%        3x3d16    2%          6
 Plasma Beam              Fire/Air       47%        2x1d61    2%          6
 Call Canine Familiar     Summ           49%        N/A       4%          3
 Frozen Ramparts          Ice            98%        1d15      4%          3
 Gell's Gravitas          Tloc           49%        N/A       4%          3
 Hailstorm                Conj/Ice       49%        3d11      4%          3
 Ozocubu's Armour         Ice            49%        N/A       4%          3
 Teleport Other           Tloc           49%        N/A       4%          3
 Vampiric Draining        Necr           49%        2d9       4%          3
 Volatile Blastmotes      Fire/Tloc      98%        2d18      4%          3
 Animate Armour           Summ/Erth      100%       N/A       4%          4
 Alistair's Intoxication  Tmut/Pois      45%        N/A       9%          5
 Irradiate                Conj/Tmut      34%        3d23      9%          5
 Borgnjor's Vile Clutch   Necr/Erth      32%        N/A       13%         5
 Animate Dead             Necr           49%        N/A       16%         4
 Dispel Undead            Necr           49%        3d18      16%         4
 Flame Wave               Conj/Fire      49%        2d12      16%         4
 Iskenderun's Mystic Bla  Conj/Tloc      49%        2d11      16%         4
 Olgreb's Toxic Radiance  Pois           49%        N/A       16%         4
 Passage of Golubria      Tloc           49%        N/A       16%         4
 Sticky Flame             Conj/Fire      49%        2d7       16%         4
 Summon Ice Beast         Ice/Summ       49%        N/A       16%         4
 Agony                    Necr           49%        N/A       41%         5
 Fireball                 Conj/Fire      24%        3d11      41%         5
 Summon Forest            Summ/Tloc      24%        N/A       41%         5
 Eringya's Noxious Bog    Tmut/Pois      34%        4d6       43%         6
 Death Channel            Necr           24%        N/A       94%         6
 Dispersal                Tloc           24%        N/A       94%         6
 Simulacrum               Ice/Necr       24%        N/A       94%         6
 Starburst                Conj/Fire      24%        6d8       94%         6
 Haunt                    Necr/Summ      24%        N/A       100%        7
 Monstrous Menagerie      Summ           24%        N/A       100%        7
 Ozocubu's Refrigeration  Ice            24%        4d12      100%        7
 Summon Hydra             Summ           24%        N/A       100%        7
 Borgnjor's Revivificati  Necr           24%        N/A       100%        8
 Disjunction              Tloc           24%        N/A       100%        8
 Ignition                 Fire           24%        3d8       100%        8
 Lehudib's Crystal Spear  Conj/Erth      32%        10d8      100%        8
 Death's Door             Necr           24%        N/A       100%        9


Dungeon Overview and Level Annotations

Branches:
Dungeon (15/15)            Temple (1/1) D:6            Lair (5/5) D:8
  Swamp (4/4) Lair:3        Snake (4/4) Lair:3        Slime (5/5) Lair:4
    Orc (2/2) D:9             Elf (3/3) Orc:2        Vaults (5/5) D:14
  Crypt (0/3) Vaults:3     Depths (4/4) D:15            Zot (5/5) Depths:4
 Bailey (visited)           IceCv (visited)          WizLab (visited)
Desolation (visited)      Gauntlet (visited)

Altars:
Ashenzari
Cheibriados
Dithmenos
Elyvilon
Fedhas
Gozag
Hepliaklqana
Kikubaaqudgha
Makhleb
Nemelex Xobeh
Okawaru
Qazlal
Ru
Sif Muna
Trog
Uskayaw
Vehumet
Wu Jian
Xom
Yredelemnul
Zin
The Shining One
Ignis
Jiyva

Shops:
D:10 !   Orc:2 *[(=   Elf:1 =   Elf:3 :   Snake:2 [*:   Vaults:2 =[[[
Vaults:3 :*[   Vaults:5 (   Depths:1 =::   Depths:2 *   Depths:4 =?:

Portals:
Hell: Depths:1 Depths:2 Depths:3 Depths:4
Abyss: Lair:5 Depths:1 Depths:3
Pandemonium: Depths:2 Depths:4
Ziggurat: Depths:3

Annotations:
Vaults:1 Nikola
Zot:2 6 transporters
Abyss:1 Sonja


Innate Abilities, Weirdness & Mutations

You are very small and have problems with some larger weapons.
You are too small for most types of armour.
You have supernaturally acute eyesight. (SInv)
You cover ground extremely quickly. (Speed+++)
You are agile. (Dex +4, Str/Int -1)
Your mind is acute. (Int +4, Str/Dex -1)
Armour fits poorly on your strangely shaped body.
Your flesh is heat resistant. (rF+)
You expend magic power (3 MP) to strengthen your wands.


Message History

There is a stone staircase leading down here.
There is a stone staircase leading up here.
You climb upwards.
There is a stone staircase leading down here.
There is a stone staircase leading up here.
You climb upwards.
There is a stone staircase leading down here.
There is a stone staircase leading up here.
You climb upwards.
There is a stone staircase leading down here.
There is a stone staircase leading up here.
You climb upwards.
There is a stone staircase leading down here.
There is a stone staircase leading up here.
You climb upwards.
There is a stone staircase leading down here.
There is a stone staircase leading up here.
You climb upwards.
There is a stone staircase leading down here.
There is a stone staircase leading up here.
You climb upwards.
There is a stone staircase leading down here.
There is a stone staircase leading up here.
You climb upwards.
There is a stone staircase leading down here.
You see here a +0 club.
An Orb Guardian comes into view.
Casting: Enfeeble (mildly dangerous; 1% risk of failure)
Confirm with . or Enter, or press ? or * to list all spells.
You begin accumulating electric charge. (Press . to continue charging.)
You feel charge building up...
You feel charge building up...
You feel charge building up...
The electricity discharges through the Orb Guardian!!!!
The Orb Guardian vaporises in an electric haze!
You kill the Orb Guardian!
Unknown command.
There is a staircase leading out of the dungeon here.
You have escaped!

#.#.>..........#8##.#.#
#.#....#########.#....# #.#....#
###.###### #.#....# ###.....###
#.###### #..8...8..# #......#
##.........## #......#
#...........#
#......####...........####
#......#8.......@.......8#
##.....####...........###########
#.....# #...........#..........
#####.# ##.........##.#########
#)# #.........##.# #.. ### #.#
###.....####.# #.# ..####.#
#.....# #.# #.# ....##.#
##.....## #.# ###.. .......#
#8.....8# #.# #....


There were no monsters in sight!

Vanquished Creatures
  the Royal Jelly (Slime:5)
  2 dread liches (Zot:5)
  6 orbs of fire the Lernaean hydra (Swamp:4)
  Parghit (Depths:4)
  Saint Roka (Depths:1)
  8 Killer Klowns (Zot:5)
  The ghost of Ruech the Victor of a Thousand Battles, a veteran GnWn of Okawaru (Depths:3)
  14 golden dragons
  the Enchantress (Depths:3)
  4 electric golems
  A hellephant (Depths:1)
  A walking crystal tome (Depths:2)
  19 tentacled monstrosities
  25 Orb Guardians
  2 liches (Vaults:5)
  3 titans
  8 quicksilver dragons
  The ghost of Sundig the Warrior, an adept MiFi of Qazlal (Snake:2)
  A walking divine tome (Depths:2)
  3 deep elf blademasters
  Asterion (Vaults:1)
  8 death cobs
  2 tentacled starspawn (WizLab)
  6 sphinxes
  10 acid blobs
  Gastronok (D:11)
  An Executioner (WizLab)
  9 shadow dragons
  An eldritch tentacle (WizLab)
  5 tengu reavers
  16 storm dragons
  Donald (Vaults:1)
  3 nagarajas
  7 draconian monks
  3 draconian knights
  5 azure jellies
  An imperial myrmidon (Desolation)
  7 rockslimes
  A fenstrider witch (Swamp:4)
  15 vault wardens
  11 fire giants
  5 frost giants
  6 draconian scorchers
  7 deep elf sorcerers
  The ghost of Strat the Warrior, a journeyman HOGl of Okawaru (Lair:5)
  Louise (D:15)
  3 ghost moths
  A draconian stormcaller (Zot:5)
  5 deep elf elementalists (Elf:3)
  5 draconian shifters
  2 orc warlords (Orc:1)
  2 draconian annihilators
  10 ironbound preservers
  4 war gargoyles
  5 spriggan defenders
  8 stone giants
  8 very ugly things
  4 ironbound thunderhulks
  3 vampire knights
  A quicksilver ooze (Slime:5)
  4 formless jellyfish (Slime:5)
  2 deep elf demonologists (Elf:3)
  3 demonspawn black suns (Zot:3)
  10 red draconians
  A grey draconian (Depths:4)
  A minotaur (Gauntlet)
  6 green draconians
  3 yellow draconians
  2 spark wasps (Depths:4)
  5 eleionomae
  3 bunyips
  5 black draconians
  6 dire elephants
  14 purple draconians
  5 white draconians
  4 deep elf annihilators
  2 deep elf death magi
  The ghost of jejorda2 the Cleaver, a journeyman GnBe of Trog (Lair:1)
  A green death (Depths:4)
  3 crystal guardians (Desolation)
  5 ettins
  8 ragged hierophants (Desolation)
  9 yaktaur captains
  5 fire dragons
  A deep elf high priest (Depths:3)
  2 shambling mangroves (Swamp:3)
  Fannar (D:12)
  21 hydras
  Josephine (D:12)
  A hydra (shapeshifter) (Vaults:5)
  A salamander tyrant (Snake:4)
  8 ice dragons
  A rakshasa (Depths:3)
  5 vault guards
  7 great orbs of eyes
  5 servants of whispers (Desolation)
  Erolcha (D:9)
  13 peacekeepers
  4 catoblepae
  9 ironbound frosthearts
  4 ogre magi
  2 spriggan air magi
  17 centaur warriors
  3 death knights
  The ghost of perezv8180 the Mimic, a novice TrSh of Okawaru (D:9)
  6 alligators
  3 naga warriors
  3 two-headed ogres
  24 dancing weapons
  3 tengu warriors
  3 boulder beetles
  3 deep troll earth magi
  13 death yaks
  An orc high priest (Bailey)
  2 deep troll shamans (Depths:2)
  9 anacondas
  4 shock serpents
  2 hell hogs
  A demonic crawler (WizLab)
  7 spriggan berserkers
  5 naga sharpshooters
  3 thrashing horrors
  2 hell knights
  14 deep elf knights
  2 sixfirhies (WizLab)
  5 skeletal warriors
  A soul eater (Lair:5)
  12 spriggans
  A salamander mystic (Snake:4)
  2 glowing orange brains
  6 goliath frogs
  A shadow wraith (Vaults:5)
  2 iron trolls
  A death drake (Swamp:4)
  2 arcanists (Vaults:3)
  4 spriggan druids
  28 deep trolls
  8 swamp dragons
  11 bog bodies
  An occultist (Depths:2)
  4 naga ritualists
  3 lindwurms (Vaults:2)
  Pikel (D:6)
  19 ironbound convokers
  13 deep elf pyromancers
  4 harpies
  9 deep elf zephyrmancers
  8 deep elf archers
  3 obsidian statues
  5 necromancers
  6 mana vipers
  2 tengu skeletons (Vaults:3)
  The ghost of pokeman the Thaumaturge, a novice DEHW of Vehumet (D:9)
  4 orc sorcerers
  11 orc knights
  4 oklob plants (Zot:4)
  3 phantasmal warriors
  3 shining eyes (Slime:5)
  17 ugly things
  An iron dragon zombie (Vaults:3)
  4 will-o-the-wisps
  12 salamanders
  16 moths of wrath
  2 cyclopes (D:15)
  A frost giant zombie (Vaults:3)
  3 manticores
  A fire giant zombie (Depths:2)
  A rust devil (Lair:5)
  10 elephants (Lair:5)
  32 black mambas
  4 torpor snails (Lair:1)
  The ghost of arvidsem the Sneak, a novice VSBr (D:6)
  3 eyes of devastation
  3 molten gargoyles (Desolation)
  11 guardian serpents
  9 cane toads
  A frost giant skeleton (WizLab)
  2 smoke demons (WizLab)
  A naga mage (Snake:1)
  9 vault sentinels
  A gargoyle (D:11)
  Maggie (D:9)
  2 hellions
  2 large abominations
  8 komodo dragons
  A demonspawn skeleton (WizLab)
  3 ice devils
  8 yaktaurs
  A kobold demonologist (D:11)
  3 efreet
  4 freezing wraiths
  2 tengu conjurers
  A human skeleton (Vaults:3)
  A red devil (Gauntlet)
  4 bloated husks
  2 meliai (D:13)
  4 trolls
  4 polar bears
  10 tyrant leeches
  65 saltlings (Desolation)
  14 hornets
  14 blink frogs
  An iron dragon simulacrum (Depths:2)
  2 raiju
  49 slime creatures
  6 air elementals
  A centaur simulacrum (D:14)
  A stone giant simulacrum (Vaults:3)
  A spriggan skeleton (Depths:2)
  An ettin skeleton (Vaults:3)
  A water elemental (WizLab)
  2 shadows
  A culicivora (shapeshifter) (D:14)
  42 yaks
  10 wraiths
  3 golden eyes
  6 steam dragons
  7 vampire mosquitoes
  16 fire elementals
  4 wyverns
  A chaos spawn (WizLab)
  5 basilisks
  24 nagas
  22 swamp worms
  A human zombie (Depths:2)
  An ogre zombie (Vaults:3)
  6 spatial vortices (WizLab)
  A small abomination (Depths:3)
  11 wargs
  4 acid dragons
  17 water moccasins
  Duvessa (D:6)
  A glowing shapeshifter skeleton (Depths:2)
  A hell hound (Gauntlet)
  2 floating eyes
  7 swamp drakes
  2 ice beasts (D:6)
  2 black bears
  54 orc warriors
  2 black bears (shapeshifter)
  2 sky beasts
  5 wolves (Lair:3)
  5 centaurs
  2 boggarts (WizLab)
  8 ogres
  2 lemures (D:6)
  16 bullfrogs
  Blork the orc (D:6)
  2 kobold brigands (D:11)
  2 gnoll sergeants
  4 scorpions
  5 wights
  Dowan (D:6)
  28 killer bees
  8 electric eels
  2 howler monkeys
  A jelly (D:5)
  7 hounds
  17 orc priests
  Crazy Yiuf (D:6)
  3 gnoll boudas
  3 sleepcaps
  7 iguanas
  4 lightning spires (Zot:4)
  28 orc wizards
  27 gnolls
  8 adders
  2 shadow imps (WizLab)
  3 white imps
  An ufetubus (WizLab)
  2 worms
  A dart slug (D:2)
  98 orcs
  7 bats
  4 endoplasms
  3 giant cockroaches
  10 goblins
  15 hobgoblins
  10 jackals
  5 quokkas
  8 ball pythons
  3 frilled lizards
  8 kobolds
  3 rats
1813 creatures vanquished.

Vanquished Creatures (collateral kills)
  2 caustic shrikes (Depths:3)
  2 golden dragons
  3 liches
  6 tentacled monstrosities
  An Orb Guardian (Zot:5)
  2 titans (Vaults:5)
  A sphinx (Vaults:5)
  A deep elf master archer (Elf:3)
  A walking frostbound tome (Depths:3)
  6 acid blobs
  A shadow dragon (Zot:1)
  2 azure jellies (Slime:5)
  6 rockslimes (Slime:5)
  A storm dragon (Depths:4)
  2 frost giants
  A draconian scorcher (Zot:1)
  2 deep elf sorcerers
  3 vault wardens
  A draconian shifter (Zot:4)
  A spriggan defender (Depths:3)
  2 draconian stormcallers
  An ironbound preserver (Vaults:5)
  A draconian annihilator (Zot:4)
  4 very ugly things
  2 ironbound thunderhulks
  5 stone giants
  3 green draconians
  3 quicksilver oozes (Slime:5)
  A grey draconian (Depths:4)
  2 vampire knights
  2 black draconians
  2 white draconians (Zot:4)
  2 deep elf annihilators (Elf:3)
  A purple draconian (Zot:2)
  A yellow draconian (Zot:2)
  5 spark wasps (Depths:4)
  5 fire dragons
  A great orb of eyes (Slime:2)
  4 ettins
  An entropy weaver (Vaults:5)
  4 yaktaur captains (Vaults:5)
  3 deep elf high priests
  A great orb of eyes (shapeshifter) (Vaults:5)
  23 vault guards (Vaults:5)
  4 rakshasas
  An ogre mage (Vaults:5)
  2 dancing weapons
  2 spriggan air magi (Depths:3)
  13 two-headed ogres
  3 naga warriors
  2 deep troll shamans
  2 tengu warriors (Depths:3)
  3 deep troll earth magi
  4 hell hogs (Depths:1)
  7 naga sharpshooters
  4 deep elf knights
  6 hell knights (Depths:2)
  3 swamp dragons (Depths:4)
  4 deep trolls
  5 deep elf archers
  3 iron trolls
  3 ironbound convokers (Vaults:5)
  3 phantasmal warriors
  5 ugly things (Depths:2)
  11 deep elf zephyrmancers
  A necromancer (Depths:2)
  15 deep elf pyromancers
  A manticore (shapeshifter) (Depths:4)
  A shining eye (Slime:1)
  A salamander (Snake:3)
  8 large abominations (Depths:3)
  5 moths of wrath
  3 naga magi
  2 vault sentinels (Vaults:5)
  A black mamba (Lair:3)
  9 yaktaurs
  A freezing wraith (Vaults:5)
  A tormentor (Depths:4)
  2 tengu conjurers
  A wind drake (shapeshifter) (Vaults:5)
  A raiju (shapeshifter) (Vaults:5)
  23 slime creatures
  2 water elementals
  A spriggan (Lair:5)
  3 wyverns (Depths:4)
  3 yaks (Lair:3)
  4 golden eyes (Slime:2)
  A vampire mosquito (D:15)
  3 small abominations (Depths:3)
  11 nagas
  A warg (shapeshifter) (Vaults:5)
  9 orc warriors
  An ogre (Vaults:5)
  4 centaurs (D:14)
  A gnoll sergeant (D:12)
  3 wights
  An orc priest (Depths:1)
  A gnoll bouda (Orc:2)
  An orc wizard (D:9)
  8 gnolls
  5 orcs
353 creatures vanquished.

Vanquished Creatures (others)
  2 caustic shrikes (Depths:3)
  An Orb Guardian (Zot:5)
  A death cob (Zot:1)
  A shadow dragon (Zot:1)
  A storm dragon (Zot:1)
  A tengu reaver (Vaults:5)
  2 rockslimes (Slime:5)
  4 deep elf sorcerers
  2 frost giants (Depths:2)
  An azure jelly (Slime:5)
  A deep elf elementalist (Elf:3)
  A formless jellyfish (Slime:5)
  2 very ugly things (Vaults:5)
  3 deep elf demonologists (Elf:3)
  2 black draconians
  3 red draconians
  2 deep elf annihilators (Elf:3)
  An ettin (Depths:2)
  A fire dragon (Depths:1)
  A deep elf high priest (Depths:3)
  A hydra (Swamp:4)
  3 vault guards (Vaults:5)
  A deep troll shaman (Depths:3)
  2 deep elf knights (Elf:2)
  A deep troll (Depths:3)
  A deep elf archer (Elf:3)
  An occultist (Depths:3)
  An ugly thing (D:13)
  6 deep elf pyromancers
  4 deep elf zephyrmancers
  An orc sorcerer (Depths:1)
  5 moths of wrath
  39 dancing weapons
  2 unseen horrors (Depths:3)
  A troll (Depths:1)
  A slime creature (Slime:1)
  A chaos spawn (Depths:3)
  An orc warrior (Depths:1)
  An orc wizard (Depths:1)
  An orc (Depths:1)
  26 foxfires
133 creatures vanquished.

Grand Total: 2299 creatures vanquished

Notes
Turn   | Place    | Note
-------+----------+-------------------------------------------
     0 | D:1      | Forgeling the Spriggan Enchanter began the quest for the
                  | Orb.
     0 | D:1      | Reached XP level 1. HP: 9/9 MP: 5/5
   253 | D:1      | Reached XP level 2. HP: 13/13 MP: 6/6
   264 | D:1      | Learned a level 2 spell: Ensorcelled Hibernation
   782 | D:2      | Reached skill level 5 in Hexes
   853 | D:2      | Reached skill level 3 in Spellcasting
   853 | D:2      | Reached XP level 3. HP: 8/16 MP: 0/8
   866 | D:2      | Learned a level 3 spell: Confusing Touch
  1107 | D:2      | Identified the +6 dagger of the Doomed Warrior {freeze,
                  | Str+5 Stlth-}
  1139 | D:2      | Found a faded altar of an unknown god.
  1281 | D:2      | Learned a level 3 spell: Tukima's Dance
  1288 | D:2      | Reached XP level 4. HP: 21/21 MP: 6/9
  1482 | D:3      | Found a sparkling altar of Nemelex Xobeh.
  1570 | D:2      | Prayed at the altar of an unknown god.
  1570 | D:2      | Became a worshipper of Ignis, the Dying Flame
  1944 | D:3      | Found a bloodstained altar of Trog.
  2120 | D:3      | Found a glowing golden altar of the Shining One.
  2120 | D:3      | Found a snail-covered altar of Cheibriados.
  2153 | D:4      | Noticed a black bear
  2191 | D:4      | Killed a black bear
  2192 | D:4      | Reached skill level 5 in Stealth
  2192 | D:4      | Reached XP level 5. HP: 11/24 MP: 4/10
  2429 | D:4      | Reached XP level 6. HP: 25/28 MP: 6/11
  3228 | D:5      | Entered Level 5 of the Dungeon
  3273 | D:4      | Learned a level 3 spell: Dazzling Flash
  3612 | D:5      | Found a basalt altar of Yredelemnul.
  3637 | D:5      | Reached skill level 4 in Spellcasting
  3637 | D:5      | Reached XP level 7. HP: 28/32 MP: 8/14
  4094 | D:5      | Found an opulent altar of Gozag.
  4094 | D:5      | Found a shimmering blue altar of Sif Muna.
  4096 | D:5      | Found a hide-covered altar of Uskayaw.
  4177 | D:5      | Found a white marble altar of Elyvilon.
  4335 | D:6      | Reached skill level 1 in Fighting
  4528 | D:6      | Reached skill level 5 in Short Blades
  4557 | D:6      | Reached XP level 8. HP: 37/37 MP: 5/15
  4817 | D:6      | Found a staircase to the Ecumenical Temple.
  4845 | Temple   | Entered the Ecumenical Temple
  4972 | D:6      | Noticed Blork the orc
  4976 | D:6      | Killed Blork the orc
  5046 | D:6      | Found a runed translucent gate.
  5083 | D:6      | Noticed Pikel
  5083 | D:6      | Noticed Duvessa
  5185 | D:6      | Reached skill level 5 in Dodging
  5290 | D:6      | Noticed Dowan
  5326 | D:6      | Killed Pikel
  5327 | D:6      | Reached skill level 5 in Spellcasting
  5327 | D:6      | Reached XP level 9. HP: 42/42 MP: 8/17
  5473 | D:6      | Found a runed translucent door.
  5474 | D:6      | Noticed Crazy Yiuf
  5481 | D:6      | Killed Crazy Yiuf
  5698 | D:6      | Killed Dowan
  6079 | D:7      | Reached skill level 10 in Hexes
  6407 | D:7      | Reached skill level 5 in Evocations
  7503 | D:6      | Killed Duvessa
  7587 | D:6      | Found a runed translucent gate.
  7588 | D:6      | Found a runed translucent gate.
  7589 | D:6      | Noticed arvidsem's ghost (novice VSBr)
  7660 | D:8      | Found a staircase to the Lair.
  7809 | D:8      | Reached XP level 10. HP: 49/49 MP: 18/18
  8002 | D:8      | Found a shimmering altar of Xom.
  8265 | D:8      | Found a sacrificial altar of Ru.
  8277 | D:8      | Reached skill level 5 in Fighting
  8325 | D:8      | Reached skill level 10 in Evocations
  8626 | D:9      | Noticed a two-headed ogre
  8645 | D:9      | Killed a two-headed ogre
  9045 | D:9      | Noticed Erolcha
  9152 | D:9      | Noticed Maggie
  9179 | D:9      | Killed Maggie
  9180 | D:9      | Reached skill level 6 in Spellcasting
  9213 | D:9      | Found a runed translucent gate.
  9213 | D:9      | Found a runed translucent gate.
  9380 | D:9      | Reached skill level 7 in Spellcasting
  9570 | D:9      | Found a runed translucent gate.
  9572 | D:9      | Noticed perezv8180's ghost (novice TrSh)
  9573 | D:9      | Noticed pokeman's ghost (novice DEHW)
  9573 | D:9      | Identified the +2 robe "Minab" {rElec rPois rC+}
  9766 | D:9      | Reached XP level 11. HP: 51/56 MP: 23/23
  9848 | D:9      | Reached skill level 8 in Spellcasting
  9850 | D:9      | Found a staircase to the Orcish Mines.
 10163 | D:10     | Entered Level 10 of the Dungeon
 10288 | D:10     | Found Ruihoesi's Distillery.
 10296 | D:10     | Bought a potion of ambrosia for 80 gold pieces
 10297 | D:10     | Found a flagged portal.
 10314 | Bailey   | Entered a bailey
 10387 | Bailey   | Reached skill level 9 in Spellcasting
 10585 | Bailey   | Noticed an orc knight
 10588 | Bailey   | Killed an orc knight
 10615 | Bailey   | Acquired a scarf of invisibility
 10728 | Bailey   | Found an iron altar of Okawaru.
 10728 | Bailey   | Noticed an orc sorcerer
 10728 | Bailey   | Noticed an orc high priest
 10769 | Bailey   | Killed an orc sorcerer
 10808 | Bailey   | Killed an orc high priest
 10907 | Bailey   | Identified the +1 robe of the Big Bang {rCorr Str+4 Int-4}
 10968 | D:10     | Found a stormy altar of Qazlal.
 11154 | D:10     | Noticed a two-headed ogre
 11164 | D:10     | Killed a two-headed ogre
 11165 | D:10     | Reached skill level 10 in Stealth
 11726 | D:10     | Found an ancient bone altar of Kikubaaqudgha.
 11726 | D:10     | Found a radiant altar of Vehumet.
 11927 | D:11     | Identified the +4 falchion "Zezumoon" {venom, Will- Int+3}
 11973 | D:11     | Noticed Sonja
 11978 | D:11     | Banished Sonja
 11980 | D:11     | Noticed a white ugly thing
 12368 | D:11     | Killed a white ugly thing
 12561 | D:11     | Reached skill level 10 in Spellcasting
 12568 | D:11     | Noticed a boulder beetle
 12578 | D:11     | Noticed Gastronok
 12687 | Lair:1   | Entered Level 1 of the Lair of Beasts
 12875 | Lair:1   | Found a snail-covered altar of Cheibriados.
 13215 | Lair:1   | Noticed a boulder beetle
 13226 | Lair:1   | Killed a boulder beetle
 13227 | Lair:1   | Reached XP level 12. HP: 36/64 MP: 27/27
 13390 | Lair:1   | Found a large runed translucent door.
 13390 | Lair:1   | Found a large runed translucent door.
 13590 | Lair:1   | Noticed jejorda2's ghost (journeyman GnBe)
 13844 | Lair:1   | You are sucked into a shaft and drop 1 floor!
 14070 | Lair:2   | Found a frozen archway.
 14077 | Lair:2   | Reached skill level 15 in Stealth
 14081 | IceCv    | Entered an ice cave
 14100 | Lair:2   | HP: 2/64 [white ugly thing (15)]
 15407 | Lair:3   | Found a staircase to the Snake Pit.
 15644 | Lair:3   | Noticed a five-headed hydra
 15679 | Lair:3   | Reached skill level 10 in Short Blades
 15691 | Lair:3   | Learned a level 4 spell: Petrify
 15861 | Lair:3   | Reached skill level 1 in Earth Magic
 15881 | Lair:3   | Reached skill level 1 in Transmutations
 15886 | Lair:3   | Identified the +2 robe of Distant Shores {Rampage MP+9 SInv
                  | Archmagi}
 16117 | Lair:3   | Killed a five-headed hydra
 16234 | Lair:3   | Found a staircase to the Swamp.
 16698 | Lair:4   | Noticed a six-headed hydra
 16866 | Lair:3   | Reached skill level 5 in Earth Magic
 16868 | Lair:3   | Reached skill level 5 in Transmutations
 17163 | Lair:4   | Reached XP level 13. HP: 68/68 MP: 28/28
 17524 | Lair:4   | Found a staircase to the Slime Pits.
 17524 | Lair:4   | Found a viscous altar of Jiyva.
 18037 | Lair:5   | Entered Level 5 of the Lair of Beasts
 18700 | Lair:5   | Found a transporter.
 18734 | Lair:5   | Found a one-way gate to the infinite horrors of the Abyss.
 18734 | Lair:5   | Noticed Strat's ghost (journeyman HOGl)
 18735 | Lair:5   | Noticed a cyan very ugly thing
 19108 | Lair:5   | Found a transporter.
 19547 | Lair:1   | Killed jejorda2's ghost
 19548 | Lair:1   | Reached skill level 10 in Dodging
 20076 | D:6      | Killed arvidsem's ghost
 20178 | D:9      | Killed pokeman's ghost
 20198 | D:9      | Killed perezv8180's ghost
 20212 | D:9      | Identified the +9 scimitar "Noreidas" {freeze, Int+4 Dex+3
                  | SInv}
 20370 | D:9      | Killed Erolcha
 20580 | D:11     | Killed Gastronok
 20910 | D:12     | Noticed Fannar
 20933 | D:12     | Killed Fannar
 21638 | D:12     | Noticed Josephine
 21644 | D:12     | Killed Josephine
 22139 | D:13     | Reached XP level 14. HP: 73/73 MP: 29/29
 22384 | D:13     | Found a gate leading to a gauntlet.
 22391 | Gauntlet | Entered a Gauntlet
 22391 | Gauntlet | Found a transporter.
 22391 | Gauntlet | Found a transporter.
 22454 | Gauntlet | Found a transporter.
 22457 | Gauntlet | Found a transporter.
 22474 | Gauntlet | Found a transporter.
 22482 | Gauntlet | Found a transporter.
 22486 | Gauntlet | Found a transporter.
 22497 | Gauntlet | Found a transporter.
 22511 | Gauntlet | Found a transporter.
 22526 | Gauntlet | Found a transporter.
 22530 | Gauntlet | Found a transporter.
 22538 | Gauntlet | Found a transporter.
 22674 | Gauntlet | Identified the +1 hat of Hiwufit {+Inv rElec Regen+}
 22737 | Gauntlet | Identified the +3 glaive of the Swamp {protect, rF+ rC+
                  | Will+}
 23010 | D:13     | Identified the +9 scimitar "Impbane" {spect, rPois Int+3}
 24284 | D:14     | Learned a level 4 spell: Cause Fear
 25271 | D:14     | Found a gate to the Vaults.
 25507 | D:14     | Learned a level 7 spell: Enfeeble
 25534 | D:15     | Entered Level 15 of the Dungeon
 25854 | D:15     | Identified the +9 rapier of Koul {heavy, rElec rPois Str-4
                  | Dex+6}
 25867 | D:15     | Noticed Louise
 25870 | D:15     | Killed Louise
 25962 | D:15     | Found a blossoming altar of Fedhas.
 26214 | D:15     | Found a staircase to the Depths.
 26506 | D:15     | Reached skill level 15 in Hexes
 26600 | D:15     | Reached XP level 15. HP: 77/77 MP: 21/30
 27192 | D:15     | Found a shimmering altar of Xom.
 27204 | D:15     | Found a shimmering altar of Xom.
 27206 | D:15     | Found a shimmering altar of Xom.
 27207 | D:15     | Found a shimmering altar of Xom.
 27393 | Orc:1    | Entered Level 1 of the Orcish Mines
 28029 | Orc:2    | Entered Level 2 of the Orcish Mines
 28179 | Orc:1    | Reached skill level 11 in Spellcasting
 28561 | Orc:2    | Found a staircase to the Elven Halls.
 28645 | Orc:2    | Reached skill level 12 in Spellcasting
 28909 | Orc:2    | Found Enath's Assorted Antiques.
 28909 | Orc:2    | Found Yfafreesu's Antique Armour Shop.
 29208 | Orc:2    | Found Wuena's Weapon Emporium.
 29208 | Orc:2    | Found Sugarch's Jewellery Shop.
 29314 | Orc:2    | Reached skill level 13 in Spellcasting
 29562 | Orc:2    | Bought the +9 rapier of Eternal Vigilance {vamp, rPois rF+
                  | Dex+2} for 1270 gold pieces
 29610 | Orc:2    | Bought a glowing buckler for 232 gold pieces
 29662 | Orc:2    | Bought the macabre finger necklace {Finger+ rN+} for 520
                  | gold pieces
 29662 | Orc:2    | Found the macabre finger necklace {Finger+ rN+}
 29668 | Orc:2    | Fell from the grace of Ignis
 29870 | Snake:1  | Entered Level 1 of the Snake Pit
 30064 | Temple   | Became a worshipper of Dithmenos the Shadowed
 30525 | Snake:1  | Reached skill level 10 in Fighting
 30758 | Snake:1  | Found a snail-covered altar of Cheibriados.
 30829 | Snake:1  | You fall into a shaft and drop 1 floor!
 30911 | Snake:2  | Reached * piety under Dithmenos
 30927 | Snake:2  | Noticed a nagaraja
 30960 | Snake:2  | Killed a nagaraja
 31098 | Snake:2  | Found a large runed translucent door.
 31098 | Snake:2  | Found a large runed translucent door.
 31099 | Snake:2  | Noticed Sundig's ghost (adept MiFi)
 31510 | Snake:2  | Found Sijod's Book Shoppe.
 31513 | Snake:2  | Found Dakkab's Assorted Antiques.
 31588 | Snake:2  | Found Yhuu's Armour Boutique.
 31751 | Snake:2  | Reached XP level 16. HP: 88/88 MP: 34/34
 32879 | Snake:3  | Reached ** piety under Dithmenos
 33857 | Snake:4  | Entered Level 4 of the Snake Pit
 33990 | Snake:4  | Identified the +4 halberd of Floods {venom, *Noise rC+
                  | Str+5 Int-2}
 34159 | Snake:4  | Reached skill level 1 in Shields
 34171 | Snake:4  | Noticed a quicksilver dragon
 34256 | Snake:4  | Reached *** piety under Dithmenos
 34899 | Snake:4  | Got a serpentine rune of Zot
 35350 | Snake:4  | Learned a level 4 spell: Airstrike
 35517 | Snake:2  | Killed Sundig's ghost
 35518 | Snake:2  | Reached skill level 1 in Air Magic
 35757 | Lair:5   | Killed Strat's ghost
 36555 | Lair:5   | Reached skill level 5 in Air Magic
 36744 | Lair:5   | Reached **** piety under Dithmenos
 36952 | Lair:5   | Reached XP level 17. HP: 91/91 MP: 35/35
 37172 | Swamp:1  | Entered Level 1 of the Swamp
 37434 | Swamp:1  | Acquired 742 gold pieces
 37713 | Swamp:1  | Was forgiven by Ignis
 37854 | Swamp:2  | Reached ***** piety under Dithmenos
 38113 | Swamp:2  | Found an ancient bone altar of Kikubaaqudgha.
 38652 | Swamp:3  | Reached skill level 10 in Air Magic
 39269 | Swamp:4  | Entered Level 4 of the Swamp
 40254 | Swamp:4  | Noticed the 27-headed Lernaean hydra
 40288 | Swamp:4  | Reached skill level 14 in Spellcasting
 40311 | Swamp:4  | Killed the 27-headed Lernaean hydra
 40365 | Swamp:4  | Reached XP level 18. HP: 95/96 MP: 30/37
 40389 | Swamp:4  | Got a decaying rune of Zot
 40752 | Orc:2    | Bought a ring of protection from cold for 325 gold pieces
 40925 | Vaults:1 | Entered Level 1 of the Vaults
 40933 | Vaults:1 | Noticed Asterion
 41031 | Vaults:1 | Killed Asterion
 41129 | Vaults:1 | Reached ****** piety under Dithmenos
 41132 | Vaults:1 | Reached skill level 15 in Spellcasting
 41201 | Vaults:1 | Noticed Donald
 41204 | Vaults:1 | Killed Donald
 41427 | Vaults:1 | Noticed Nikola
 42199 | Vaults:1 | Identified the +2 barding of Dihol {rN+ Str+6}
 42531 | Vaults:2 | Reached skill level 16 in Spellcasting
 42960 | Vaults:2 | Identified the +0 ring mail of the Evening {rCorr Int+2}
 43048 | Vaults:2 | Found Heloy's Jewellery Shoppe.
 43081 | Vaults:2 | Bought the ring "Tiwigg" {rPois rN+ Int+6 SInv} for 903
                  | gold pieces
 43096 | Vaults:2 | Learned a level 8 spell: Maxwell's Capacitive Coupling
 43132 | Vaults:2 | Found Isoughipn's Antique Armour Boutique.
 43132 | Vaults:2 | Found Fusoo's Armour Boutique.
 43171 | Vaults:2 | Found Okhlaz's Antique Armour Boutique.
 43554 | Desolati | Identified the of Giorph
 43554 | Desolati | Identified the "Alath"
 43554 | Desolati | Identified the "Toopn"
 43707 | Vaults:3 | Found a crumbling gateway.
 43753 | Desolati | Entered the Desolation of Salt
 43784 | Desolati | Found the +3 crown of Dyrovepreva {rElec Int+2 SInv}
 44142 | Desolati | Identified the +3 helmet of Yzewned {rPois}
 44378 | Desolati | Reached XP level 19. HP: 82/100 MP: 37/40
 44667 | Desolati | Identified the ring of Lepi {rElec rF+ Will- Str+6}
 44677 | Desolati | Identified the +8 plate armour of the Nexus {rC+}
 44776 | Desolati | Identified the +9 sling "Puugibb" {elec, rElec rPois rN+}
 45163 | Desolati | Identified the +0 leather armour "Gykettits" {rC++ Str+2}
 45230 | Desolati | Identified the +5 war axe of Jeirep {heavy, rF+ rC+ rCorr}
 45422 | Desolati | Identified the +2 leather armour of Infinity {rF+ Str-2
                  | Int+4}
 46913 | Vaults:3 | Found a staircase to the Crypt.
 47158 | Vaults:3 | Reached skill level 15 in Air Magic
 47512 | Vaults:3 | Found Xutax Gast's Assorted Antiques.
 47604 | Vaults:3 | Found Qiawaah's Antique Armour Shoppe.
 47641 | Vaults:3 | Bought a runed buckler for 345 gold pieces
 47775 | Vaults:3 | Found Onyhais's Book Shoppe.
 47875 | Vaults:3 | Bought the Unrestrained Analects for 736 gold pieces
 47884 | Vaults:3 | Learned a level 8 spell: Discord
 48108 | WizLab   | Identified the "Jejog"
 48171 | Vaults:4 | Found a magical portal.
 48176 | WizLab   | Entered The Roulette of Golubria
 48176 | WizLab   | Found a transporter.
 48179 | WizLab   | Found a corrupted altar of Lugonu.
 48217 | WizLab   | Found a corrupted altar of Lugonu.
 48231 | WizLab   | Found a transporter.
 48231 | WizLab   | Found a transporter.
 48288 | WizLab   | Found a transporter.
 48299 | WizLab   | Found a transporter.
 48325 | WizLab   | Found a transporter.
 48336 | WizLab   | Found a transporter.
 48348 | WizLab   | Found a transporter.
 48403 | WizLab   | Found a transporter.
 48425 | WizLab   | Found a transporter.
 48457 | WizLab   | Found a transporter.
 48505 | WizLab   | Found a transporter.
 48560 | WizLab   | Found a transporter.
 48580 | WizLab   | Found a corrupted altar of Lugonu.
 48591 | WizLab   | Found a transporter.
 48613 | WizLab   | Found a transporter.
 48613 | WizLab   | Found a transporter.
 48796 | WizLab   | Identified the +0 cloak of Gabeuc {Str+4}
 48799 | WizLab   | Found a transporter.
 48812 | WizLab   | Identified the +0 cloak of the Swan {Harm Dex-4 Slay+2}
 49007 | WizLab   | Found a transporter.
 49028 | WizLab   | Found a transporter.
 49028 | WizLab   | Found a transporter.
 49357 | Vaults:4 | Reached XP level 20. HP: 105/105 MP: 41/41
 50313 | Vaults:5 | Identified the "Etuvipn"
 50313 | Crypt:1  | Identified the "Talaqaji"
 50313 | Crypt:3  | Identified the of Iquorel
 50313 | Depths:2 | Identified the "Koriotir"
 50313 | Depths:3 | Identified the "Kemud"
 50313 | Elf:1    | Identified the of Pimy
 50313 | Elf:1    | Entered Level 1 of the Elven Halls
 50689 | Elf:1    | You fall into a shaft and drop 1 floor!
 50826 | Elf:2    | Found a runed translucent gate.
 50826 | Elf:2    | Found a runed translucent gate.
 50826 | Elf:2    | Found a runed translucent gate.
 50905 | Elf:2    | Paralysed by an air elemental for 1 turns
 50950 | Elf:2    | Reached skill level 17 in Spellcasting
 51914 | Elf:2    | Paralysed by an air elemental for 1 turns
 52512 | Elf:1    | Found Opistruf's Jewellery Emporium.
 52903 | Elf:2    | Reached skill level 18 in Spellcasting
 53137 | Elf:3    | Identified the "Tagol"
 53137 | Elf:3    | Identified the "Xadem"
 53137 | Elf:3    | Entered Level 3 of the Elven Halls
 53772 | Elf:3    | Identified the +0 ring mail of Music {Int+4}
 53999 | Elf:3    | Reached skill level 19 in Spellcasting
 54017 | Elf:3    | Found Foguit's Book Shop.
 54780 | Elf:3    | Identified the ring "Denuotz" {rCorr EV+5}
 54829 | Elf:3    | Reached XP level 21. HP: 109/109 MP: 44/45
 55081 | Elf:3    | Identified the +1 sling of Vanity {heavy, rElec rF- Str+3}
 55427 | Vaults:3 | Bought a book of Misfortune for 576 gold pieces
 55433 | Vaults:3 | Learned a level 5 spell: Yara's Violent Unravelling
 55844 | Depths:1 | Entered Level 1 of the Depths
 55857 | Depths:1 | You fall into a shaft and drop 1 floor!
 55857 | Depths:2 | Found a one-way gate leading to the halls of Pandemonium.
 55911 | Depths:1 | Reached skill level 20 in Spellcasting
 55925 | Depths:1 | Noticed Saint Roka
 56078 | Depths:1 | Killed Saint Roka
 56190 | Depths:1 | Found a gateway to Hell.
 56558 | Depths:1 | Found Veaqeap's Book Shoppe.
 56561 | Depths:1 | Found Fuazuufo's Jewellery Boutique.
 56562 | Depths:1 | Found Rigym's Book Shoppe.
 57261 | Depths:2 | Found Teamuf's Assorted Antiques.
 57277 | Depths:2 | Bought a smoking pewter ring for 150 gold pieces
 57277 | Depths:2 | Identified the ring of the Will of the Gods {Str+6 Dex+4
                  | Stlth+} (You bought it in a shop on level 2 of the Depths)
 59347 | Depths:2 | Identified the +10 halberd "Oraal" {flame, rC+ rCorr Dex+3}
 59397 | Depths:2 | Identified the +0 rapier of Conservatism {venom, Str+3
                  | Stlth+}
 59607 | Depths:3 | Paralysed by a floating eye for 3 turns
 59664 | Depths:3 | Found a one-way gateway to a ziggurat.
 59705 | Depths:3 | Found a hide-covered altar of Uskayaw.
 59762 | Depths:3 | Noticed a golden dragon
 59767 | Depths:3 | Killed a golden dragon
 59783 | Depths:3 | Found a runed translucent door.
 60178 | Depths:3 | Reached skill level 21 in Spellcasting
 60262 | Depths:3 | Noticed a caustic shrike
 60267 | Depths:3 | Killed a caustic shrike
 60284 | Depths:3 | Noticed a caustic shrike
 60286 | Depths:3 | Noticed a caustic shrike
 60286 | Depths:3 | Noticed a caustic shrike
 60288 | Depths:3 | Killed a caustic shrike
 60289 | Depths:3 | Killed a caustic shrike
 60290 | Depths:3 | Reached XP level 22. HP: 113/114 MP: 15/48
 60304 | Depths:3 | Killed a caustic shrike
 60458 | Depths:3 | Identified the ring "Lunoruepp" {rCorr Str-5 Int+2 SInv}
 60536 | Depths:3 | Found a runed translucent door.
 60537 | Depths:3 | Noticed Ruech's ghost (veteran GnWn)
 60724 | Depths:3 | Found a radiant altar of Vehumet.
 60725 | Depths:3 | Identified the +5 orcbow "Glorpo" {freeze, Str-5 Dex+5}
 60725 | Depths:3 | Noticed the Enchantress
 60737 | Depths:3 | Killed the Enchantress
 60905 | Depths:3 | Found the +2 hat of the Bear Spirit {Spirit, Bear, *Rage
                  | Will++}
 60911 | Depths:3 | Identified the +6 quick blade of Ytezxom {flame, Dex+2}
 61101 | Depths:3 | Upgraded the game from 0.31-a0-920-g28cbb04a8c to
                  | 0.31-a0-925-g0a390f2509
 61124 | Depths:4 | Entered Level 4 of the Depths
 61157 | Depths:4 | Reached skill level 22 in Spellcasting
 61316 | Depths:4 | Found Peingo's Jewellery Emporium.
 61322 | Depths:4 | Bought the ring "Nozxadaf" {rF+ rC+ rCorr Int+6} for 751
                  | gold pieces
 61392 | Depths:4 | Found Weime's Magic Scroll Shoppe.
 61396 | Depths:4 | Found Weodd's Book Shoppe.
 61761 | Depths:4 | Noticed Parghit
 61764 | Depths:4 | Killed Parghit
 61825 | Depths:4 | Noticed a golden dragon
 61834 | Depths:4 | Killed a golden dragon
 62122 | Depths:4 | Noticed a golden dragon
 62126 | Depths:4 | Killed a golden dragon
 62229 | Depths:4 | Found a gate to the Realm of Zot.
 62729 | Depths:3 | Killed Ruech's ghost
 63112 | Vaults:5 | Entered Level 5 of the Vaults
 63118 | Vaults:5 | Reached skill level 23 in Spellcasting
 63127 | Vaults:5 | Noticed a golden dragon
 63138 | Vaults:5 | Identified the ring "Riyd" {rF+ rC+ Will- Str+5}
 63190 | Vaults:5 | Killed a golden dragon
 63815 | Vaults:5 | Identified the scarf of Vehumet's Benevolence {shadows,
                  | Will+ Int+2 Dex+3 Stlth+}
 63822 | Vaults:5 | Identified the staff "Wad Gale" {rElec rPois Will+ Str+3
                  | Poison}
 63885 | Vaults:5 | Reached XP level 23. HP: 118/118 MP: 29/51
 64601 | Vaults:5 | Reached skill level 24 in Spellcasting
 64801 | Vaults:5 | Found Ibykkoe's Antique Weapon Shop.
 65392 | Vaults:5 | Identified the +3 flail of Deghac {drain, rC+ rN++ Int-4
                  | SInv Stlth+}
 65423 | Vaults:5 | Identified the +11 falchion of Dithmenos's Approval
                  | {distort, rElec Str+2 Int+3}
 65478 | Vaults:5 | Reached skill level 25 in Spellcasting
 65810 | Vaults:5 | Got a silver rune of Zot
 66399 | Vaults:5 | Identified the staff "Ugamov" {Str+5 Int+3 Earth}
 67030 | Zot:3    | Identified the "Sodwaddiupt"
 67030 | Slime:1  | Entered Level 1 of the Pits of Slime
 67243 | Slime:2  | Reached skill level 5 in Shields
 67249 | Slime:2  | Reached skill level 15 in Dodging
 67352 | Slime:5  | Entered Level 5 of the Pits of Slime
 67743 | Slime:5  | Found a viscous altar of Jiyva.
 67858 | Slime:5  | Noticed the Royal Jelly
 67878 | Slime:5  | Killed the Royal Jelly
 68341 | Slime:5  | Identified the +1 war axe of Howos {drain, Int+2}
 68344 | Slime:5  | Identified the +11 war axe "Badock" {freeze, Str+3 Stlth+}
 68504 | Slime:5  | Identified the staff "Heqeh" {rElec rPois Will+ Int+3 Air}
 68531 | Slime:5  | Got a slimy rune of Zot
 69821 | Zot:1    | Entered Level 1 of the Realm of Zot
 69821 | Zot:1    | Noticed an orb of fire
 69821 | Zot:1    | Noticed an orb of fire
 70015 | Zot:1    | Reached XP level 24. HP: 123/123 MP: 53/53
 70830 | Zot:1    | Identified the ring "Uviulori" {Fly rF+ Str-3 Int+7}
 70852 | Zot:1    | Gained mutation: You sometimes lose your temper in combat.
                  | [an orb of fire]
 70853 | Zot:1    | Killed an orb of fire
 71140 | Zot:1    | Killed an orb of fire
 71632 | Zot:2    | Found a transporter.
 71632 | Zot:2    | Found a transporter.
 71959 | Zot:2    | Found a transporter.
 71991 | Zot:2    | Found a transporter.
 72360 | Zot:2    | Found a transporter.
 72365 | Zot:2    | Found a transporter.
 73439 | Zot:3    | Noticed an orb of fire
 73528 | Zot:3    | Killed an orb of fire
 73743 | Zot:3    | Identified the +5 spear "Xaebbe" {drain, rPois rF+ SInv}
 74822 | Zot:4    | Reached XP level 25. HP: 127/127 MP: 21/53
 76212 | Zot:5    | Entered Level 5 of the Realm of Zot
 76822 | Zot:5    | Noticed a Killer Klown
 76826 | Zot:5    | Killed a Killer Klown
 77035 | Zot:5    | Identified the +0 plate armour "Apryirph" {rPois Str+2
                  | Dex+2}
 77430 | Zot:5    | Noticed an orb of fire
 77432 | Zot:5    | Noticed an orb of fire
 77433 | Zot:5    | Noticed an orb of fire
 77435 | Zot:5    | Noticed a Killer Klown
 77435 | Zot:5    | Gained mutation: You are dopey. (Int -2) [an orb of fire]
 77456 | Zot:5    | Killed a Killer Klown
 77459 | Zot:5    | Gained mutation: Your body sometimes deteriorates upon
                  | taking damage. [an orb of fire]
 77463 | Zot:5    | Killed an orb of fire
 77463 | Zot:5    | Gained mutation: You are frail. (-10% HP) [an orb of fire]
 77469 | Zot:5    | Killed an orb of fire
 77470 | Zot:5    | Gained mutation: You are clumsy. (Dex -2) [an orb of fire]
 77475 | Zot:5    | Killed an orb of fire
 77477 | Zot:5    | Noticed a dread lich
 77480 | Zot:5    | Noticed a dread lich
 77484 | Zot:5    | Killed a dread lich
 77542 | Zot:4    | Lost mutation: You sometimes lose your temper in combat.
                  | [potion of mutation]
 77542 | Zot:4    | Lost mutation: You are frail. (-10% HP) [potion of
                  | mutation]
 77542 | Zot:4    | Gained mutation: Armour fits poorly on your strangely
                  | shaped body. [potion of mutation]
 77542 | Zot:4    | Gained mutation: Your flesh is heat resistant. (rF+)
                  | [potion of mutation]
 77604 | Zot:5    | Noticed a Killer Klown
 77606 | Zot:5    | Killed a dread lich
 77609 | Zot:5    | Killed a Killer Klown
 77623 | Zot:5    | Noticed a Killer Klown
 77633 | Zot:5    | Killed a Killer Klown
 77803 | Zot:5    | Noticed a Killer Klown
 77809 | Zot:5    | Killed a Killer Klown
 77810 | Zot:5    | Noticed a Killer Klown
 77815 | Zot:5    | Killed a Killer Klown
 77816 | Zot:5    | Reached skill level 26 in Spellcasting
 77823 | Zot:5    | Noticed a Killer Klown
 77828 | Zot:5    | Killed a Killer Klown
 77830 | Zot:5    | Noticed a Killer Klown
 77834 | Zot:5    | Killed a Killer Klown
 78521 | Zot:5    | Paralysed by a Zot trap for 2 turns
 78696 | Zot:5    | Reached skill level 27 in Spellcasting
 79278 | Zot:5    | Lost mutation: Your body sometimes deteriorates upon taking
                  | damage. [potion of mutation]
 79278 | Zot:5    | Lost mutation: You are dopey. (Int -2) [potion of mutation]
 79278 | Zot:5    | Lost mutation: You are clumsy. (Dex -2) [potion of
                  | mutation]
 79278 | Zot:5    | Gained mutation: You are agile. (Dex +4, Str/Int -1)
                  | [potion of mutation]
 79278 | Zot:5    | Gained mutation: Your mind is acute. (Int +4, Str/Dex -1)
                  | [potion of mutation]
 79278 | Zot:5    | Gained mutation: You expend magic power (3 MP) to
                  | strengthen your wands. [potion of mutation]
 79279 | Zot:5    | Got the Orb of Zot
 79540 | Depths:2 | Reached XP level 26. HP: 135/135 MP: 49/55
 79875 | D:$      | Escaped with the Orb!

Illustrated notes

Levels and vault maps discovered:
D:1:      psy_arrival_heroes, layout_basic, chequers_serial_rivers_small_b
D:2:      layout_rooms, serial_curves, eino_curves_03, eino_curves_01,
          eino_curves_03, eino_curves_01, dreamdust_ecumenical_altar_grove,
          kennysheep_generic_room_6
D:3:      layout_loops_ring, nemelex_xobeh_ov_fountains_minmay,
          mainiacjoe_overflow_alcove_2, gammafunk_temple_overflow_wave
D:4:      layout_basic
D:5:      layout_loops_corners, nicolae_overflow_quartered_altars,
          mainiacjoe_overflow_24_doors, minivault_26
D:6:      layout_rooms, minmay_temple_entry_stoned_glass,
          biasface_ghost_orc_armoury, uniq_crazy_yiuf_cottage,
          uniq_blork_the_orc, uniq_pikel, uniq_duvessa
D:7:      layout_basic, grunt_decor_one_mirror, kennysheep_cluttered_room,
          minmay_manual_mullet
D:8:      layout_rooms, nicolae_ru_sacrificial_ziggurat,
          mainiacjoe_overflow_paths, lair_entry_dummy, interstate_on_off
D:9:      layout_roguey, erik_orc_2, gammafunk_ghost_cemetery, uniq_maggie,
          uniq_erolcha
D:10:     layout_basic, lemuel_round_altar, gammafunk_temple_overflow_elements,
          enter_bailey_2, serial_shops, shop
D:11:     layout_stronghold, uniq_gastronok, uniq_sonja
D:12:     layout_grid_maze, uniq_fannar, uniq_josephine
D:13:     layout_loops_ring, gauntlet_entry_generic, eino_jars
D:14:     layout_rooms, hangedman_vaults_entry_quadrant_bands, serial_bayou,
          serial_bayou_pond_c, serial_bayou_pond_c, serial_bayou_crossing,
          serial_bayou_pond_c, hangedman_abyss_or_decor_stagger
D:15:     grunt_enter_depths_hoard, layout_basic, xom_redecorated,
          fedhas_altar_2, uniq_louise
Temple:   nicolae_temple_two_arcs
Lair:1:   layout_roguey, ebering_ghost_disaster_area, kennysheep_snail_temple
Lair:2:   layout_chaotic_city, portal_ice_cave_demonic_guard
Lair:3:   layout_hall_layers, minmay_swamp_entry_worms,
          guppyfry_snake_entry_island, serial_bayou_shore_a
Lair:4:   layout_small_grid, slime_entry_1
Lair:5:   evilmike_catoblepas_cave, layout_misc_corridors,
          gammafunk_ghost_abyssal_escape, minivault_27, st_stairs_3,
          nicolae_quartered_pool_little
Swamp:1:  layout_basic_swamp, hangedman_swamp_diagram
Swamp:2:  layout_basic_swamp, nicolae_swamp_small_spring, grunt_ruined_hall
Swamp:3:  layout_basic_swamp, hangedman_swamp_cone, swamp_pool3,
          roderic_carrion_pond
Swamp:4:  swamp_basic_johnstein, layout_basic_swamp, swamp_pool1
Snake:1:  layout_chambers, basic_altar, nicolae_snake_gridmaze_swirls
Snake:2:  layout_grid_maze, serial_shops, nicolae_shop_waterfront, shop,
          nicolae_shop_tiny_statue_garden, ebering_ghost_disaster_area
Snake:3:  layout_grid_shapes, nicolae_triple_integral
Snake:4:  hellmonk_snake_rune_quicksilver_temple, layout_layer_cave
Slime:1:  cheibrodos_slime_lost_civilization_8, layout_caves,
          cheibrodos_slime_lost_civilization_7
Slime:2:  layout_caves
Slime:3:  layout_caves
Slime:4:  layout_caves, nicolae_slime_barrier, nicolae_slime_phagocytosis
Slime:5:  slime_pit_nicolae_block_by_block
Orc:1:    layout_caves
Orc:2:    st_orc_town, layout_caves, mines1_david
Elf:1:    elf_arrival_002, layout_onion_city, serial_shops,
          nicolae_shop_tiny_statue_garden, minmay_elf_sorcery
Elf:2:    nicolae_elf_blades_splatter_lattice
          [nicolae_blade_entry_diamond_columns], layout_geoelf_octagon
Elf:3:    minmay_elf_hall_dome, layout_loops_corners, serial_shops,
          nicolae_shop_waterfront, nicolae_twisting_strands
Vaults:1: nicolae_vaults_prndl, dpeg_vaults_monster_row,
          ontoclasm_vaults_ring_large, vaults_room_pools,
          ontoclasm_vaults_gateway, ontoclasm_vaults_ligature,
          nicolae_vaults_apartment_1, layout_vaults_chaotic_city, uniq_asterion,
          uniq_nikola, uniq_donald
Vaults:2: nicolae_vaults_hexular_roomagon, hangedman_vaults_hard_town_square,
          vaults_standard_mumra_lines, nicolae_vaults_meiosis,
          nicolae_vaults_house_1, hangedman_vaults_locks, hangedman_vaults_trim,
          layout_vaults_omnicross, serial_shops, shop
Vaults:3: portal_desolation_entry_twin_temple, blue_anna_dwarven_crypt,
          vaults_dpeg_spiral, nicolae_vaults_network_square,
          nicolae_vaults_trapezoid_lopsided_2, hangedman_vaults_pinch,
          nicolae_vaults_diagonal_hallway_7, v_alt_pattern_5,
          ontoclasm_vaults_chip, v_alt_pattern_6,
          nicolae_vaults_closet_pinwheel_2, nicolae_vaults_house_1,
          layout_vaults_omnigrid, serial_shops, shop, shop_statue, shop
Vaults:4: infiniplex_enter_wizlab_spiral, grunt_vaults_hallway_short,
          nicolae_vaults_sealed_display, v_misc_10, nicolae_vaults_mitosis,
          nicolae_vaults_double_plus_1, hangedman_vaults_cutoff, v_rooms_6,
          layout_vaults_omnibox
Vaults:5: serial_shops
Depths:1: layout_roguey, grunt_hell_horde, grunt_decor_junction, abyss_entry,
          chequers_serial_rivers_micro_c, nicolae_zig_zag_zippers,
          minmay_shop_grove, serial_bayou_shore_b, uniq_saint_roka
Depths:2: minmay_the_grid_octo_tiled_octocenter_mashed
          [minmay_the_grid_octo_odd_swirl, minmay_the_grid_octo_focus,
          minmay_the_grid_octo_toaster, minmay_the_grid_octo_clover,
          minmay_the_grid_octo_prize_big_c, minmay_the_grid_square_5x5_tie,
          minmay_the_grid_square_5x5_trominoes,
          minmay_the_grid_square_5x5_gyroscope,
          minmay_the_grid_square_5x5_inverted_slash], layout_cave_shapes,
          hell_entry, hex_tiny, serial_shops, shop, pan_entry,
          grunt_ministairs_13, minmay_staircase_windowed_large
Depths:3: grunt_forest_end_shrine, layout_long_grid, enter_ziggurat_f,
          grunt_hell_entry_dis_old, nicolae_uskayaw_en_pointe,
          gammafunk_ghost_grave, minmay_room_of_horrors,
          kennysheep_treasure_room
Depths:4: evilmike_zot_entry_gauntlet, layout_gridlike, kennysheep_flooded_box,
          rand_demon_pan_entry_5, pf_hell_entry_great_geh, serial_shops, shop,
          minmay_shop_star, uniq_josephina, uniq_parghit
Zot:1:    layout_basic, evilmike_ambush [evilmike_ambush_outer_pillars,
          evilmike_ambush_inner_pond]
Zot:2:    layout_gridlike, serial_nicolae_subway, nicolae_sub_station_stone,
          nicolae_sub_station_crystal, nicolae_sub_station_metal
Zot:3:    dreamdust_black_sun_cult, layout_misc_corridors,
          hangedman_zot_decor_checkerboard
Zot:4:    evilmike_crystal_ball_defense, layout_cellular_growth, st_stairs_11
Zot:5:    layout_basic

Skill      XL: |  1  2  3  4  5  6  7  8  9 10 11 12 13 14 15 16 17 18 19 20 21 22 23 24 25 |
---------------+----------------------------------------------------------------------------+-----
Hexes          | 4 5 6 7 8 10 12 15 16 17 20 | 20.0
Spellcasting   | 3 4 5 7 10 13 14 16 19 21 23 25 27 | 27.0
Short Blades   | 3 4 5 6 8 10 11 14 | 14.0
Stealth        | 5 6 8 9 12 15 16 21 24 25 | 25.0
Fighting       | 1 2 3 6 8 11 12 | 12.7
Dodging        | 6 12 14 16 18 | 18.0
Evocations     | 3 9 10 11 14 | 14.0
Earth Magic    | 5 6 |  6.0
Transmutations | 5 8 |  8.0
Shields        | 2 3 6 |  6.0
Air Magic      | 6 12 15 18 21 23 | 23.0

Action                     |  1- 3 |  4- 6 |  7- 9 | 10-12 | 13-15 | 16-18 | 19-21 | 22-24 | 25-27 || total
---------------------------+-------+-------+-------+-------+-------+-------+-------+-------+-------++-------
  Melee: Dagger            |   166 |   118 |   193 |   625 |  1105 |       |       |       |       ||  2207
         Punch             |       |     4 |     1 |       |       |       |       |       |       ||     5
         Rapier            |       |       |       |       |   133 |   990 |   846 |   588 |    50 ||  2607
   Cast: Ensorcelled Hiber |     6 |    14 |    61 |   113 |   206 |   126 |     7 |       |       ||   533
         Confusing Touch   |     1 |     4 |    12 |    55 |    91 |    14 |     1 |       |       ||   178
         Tukima's Dance    |       |       |    18 |    26 |   121 |    46 |       |     3 |       ||   214
         Dazzling Flash    |       |       |       |     8 |       |       |       |       |       ||     8
         Petrify           |       |       |       |       |    39 |     8 |     2 |     2 |       ||    51
         Enfeeble          |       |       |       |       |     4 |   107 |   107 |   121 |     6 ||   345
         Cause Fear        |       |       |       |       |     4 |     5 |       |       |       ||     9
         Airstrike         |       |       |       |       |       |    28 |   183 |     4 |       ||   215
         Discord           |       |       |       |       |       |       |    55 |    53 |     4 ||   112
         Yara's Violent Un |       |       |       |       |       |       |     8 |    16 |     2 ||    26
         Maxwell's Capacit |       |       |       |       |       |       |     2 |   101 |   110 ||   213
 Invoke: Fiery Armour      |       |       |       |     1 |     2 |       |       |       |       ||     3
         Foxfire Swarm     |       |       |       |     1 |       |       |       |       |       ||     1
         Renounce Religion |       |       |       |       |     1 |       |       |       |       ||     1
         Shadow Step       |       |       |       |       |       |     1 |       |     2 |       ||     3
Ability: Evoke Invisibilit |       |       |       |     2 |     2 |       |       |     1 |       ||     5
  Evoke: Wand              |       |       |       |     1 |     2 |       |     5 |     2 |     2 ||    12
    Use: Scroll            |     3 |     1 |     4 |    13 |    11 |     5 |     4 |    10 |     2 ||    53
         Potion            |     1 |       |       |     1 |     2 |     1 |     1 |     5 |     5 ||    16
   Stab: Sleeping          |    12 |    21 |    48 |    94 |   177 |   217 |   151 |    30 |     1 ||   751
         Invisible         |     1 |       |       |     5 |     8 |    91 |    94 |   116 |     2 ||   317
         Confused          |       |     3 |    12 |    43 |    79 |    13 |     1 |       |       ||   151
         Petrified         |       |       |       |       |    22 |     6 |     1 |       |       ||    29
         Distracted        |       |       |       |       |     6 |     5 |     9 |     8 |     3 ||    31
         Petrifying        |       |       |       |       |     4 |       |     2 |       |       ||     6
         Fleeing           |       |       |       |       |       |     1 |       |       |       ||     1
 Armour: Robe              |    45 |    27 |    39 |   107 |   179 |   204 |   173 |     5 |       ||   779
         Steam dragon scal |       |       |       |    37 |       |       |       |       |       ||    37
         Acid dragon scale |       |       |       |       |       |       |       |   233 |   101 ||   334
  Dodge: Dodged            |   116 |    72 |   105 |   254 |   566 |   630 |   377 |   371 |   118 ||  2609
  Block: Buckler           |       |       |    10 |   216 |   289 |   217 |   137 |   181 |    32 ||  1082
         Other             |       |       |     2 |       |       |       |       |       |       ||     2
         Reflection        |       |       |       |     3 |    15 |    13 |     8 |       |       ||    39

Table legend: (Time is in decaauts)
 A = Elapsed time spent in this place.
 B = Non-inter-level travel time spent in this place.
 C = Inter-level travel time spent in this place.
 D = Time resting spent in this place.
 E = Time spent auto-exploring this place.
 F = Levels seen in this place.
 G = Mean time per level.
                   A        B        C        D        E       F      G
               +--------+--------+--------+--------+--------+-----+--------+
         Total |  58832 |  54344 |   4488 |   4016 |  33902 |  58 | 1014.3 |
       Dungeon |  14946 |  13069 |   1877 |    479 |   8728 |  15 |  996.4 |
        Temple |     14 |      2 |     12 |      0 |      0 |   1 |   14.0 |
          Lair |   7024 |   6298 |    726 |    868 |   3854 |   5 | 1404.8 |
         Swamp |   2446 |   2324 |    122 |     77 |   1253 |   4 |  611.5 |
     Snake Pit |   3571 |   3300 |    271 |    123 |   1745 |   4 |  892.8 |
    Slime Pits |   1743 |   1718 |     25 |    245 |    891 |   5 |  348.6 |
  Orcish Mines |   1688 |   1493 |    195 |     24 |    661 |   2 |  844.0 |
   Elven Halls |   3681 |   3584 |     97 |     37 |   2685 |   3 | 1227.0 |
        Vaults |   6796 |   6240 |    556 |    539 |   3875 |   5 | 1359.2 |
        Depths |   5488 |   5083 |    405 |    285 |   3657 |   4 | 1372.0 |
           Zot |   7802 |   7604 |    198 |   1000 |   4826 |   5 | 1560.4 |
        Bailey |    449 |    449 |      0 |     26 |     93 |   1 |  449.0 |
      Ice Cave |     12 |     12 |      0 |      0 |      0 |   1 |   12.0 |
        Wizlab |    670 |    670 |      0 |     77 |    316 |   1 |  670.0 |
    Desolation |   2148 |   2148 |      0 |    211 |   1152 |   1 | 2148.0 |
      Gauntlet |    345 |    345 |      0 |     23 |    163 |   1 |  345.0 |
               +--------+--------+--------+--------+--------+-----+--------+

Top non-repeatable levels by time:
Vaults:5: 2601 daAuts
Desolation: 2148 daAuts
   Zot:4: 2136 daAuts
Depths:2: 2107 daAuts
   Zot:5: 2099 daAuts
  Lair:1: 1811 daAuts
  Lair:5: 1626 daAuts
     D:9: 1590 daAuts
    D:14: 1547 daAuts
   Elf:3: 1520 daAuts
     D:6: 1486 daAuts
 Slime:5: 1453 daAuts
  Lair:3: 1445 daAuts
     D:7: 1414 daAuts
   Zot:3: 1366 daAuts
